 Dungeon Crawl Stone Soup version 0.29-a0-350-g7790a0e70a (webtiles) character file.

Game seed: 5672858942070729016

4273 spaghetti the Protected (level 10, -6/81 HPs)
             Began as a Gnoll Wanderer on Apr 23, 2022.
             Was a Follower of Qazlal.
             Mangled by a shadow (35 damage)
             ... on level 8 of the Dungeon.
             The game lasted 00:20:23 (9116 turns).

spaghetti the Protected (Gnoll Wanderer)            Turns: 9116, Time: 00:20:23

Health: -6/81      AC: 12    Str: 12    XL:     10   Next: 31%
Magic:  0/20       EV: 13    Int: 20    God:    Qazlal [*.....]
Gold:   354        SH: 11    Dex: 19    Spells: 8/23 levels left

rFire   . . .      SeeInvis .   b - +2 dagger (venom) {short}
rCold   . . .      Faith    .   H - +3 buckler of Gesm {Harm}
rNeg    . . .      Spirit   +   t - +0 ring mail
rPois   .          Reflect  .   (helmet restricted)
rElec   .          Harm     +   x - +0 cloak
rCorr   .          Rampage  .   (no gloves)
Will    .....                   (no boots)
Stlth   ++........              h - amulet of guardian spirit
HPRegen 0.23/turn               d - +6 ring of intelligence
MPRegen 0.17/turn               C - +6 ring of dexterity

@: no status effects
A: fangs 1, strong nose, distributed training, antennae 1, iridescent scales 2,
robust 1
a: Renounce Religion


You were on level 8 of the Dungeon.
You worshipped Qazlal.
Qazlal was aware of your devotion.
You visited 2 branches of the dungeon, and saw 9 of its levels.
You also visited: Sewer.

You collected 354 gold pieces.


Innate Abilities, Weirdness & Mutations

You have very sharp teeth.
Your uncanny sense of smell can sniff out nearby items.
Your experience applies equally to all skills.
You have a pair of small antennae on your head.
You are mostly covered in iridescent scales. (AC +4)
You are robust. (+10% HP)


   Skills:
 + Level 5.1 Fighting
 + Level 5.1 Short Blades
 + Level 5.1 Long Blades
 + Level 5.1 Axes
 + Level 5.1 Maces & Flails
 + Level 5.1 Polearms
 + Level 5.1 Staves
 + Level 8.4 Slings
 + Level 5.1 Bows
 + Level 5.1 Crossbows
 + Level 5.8 Throwing
 + Level 8.4 Armour
 + Level 5.1 Dodging
 + Level 5.1 Stealth
 + Level 5.1 Shields
 + Level 5.1 Unarmed Combat
 + Level 7.3 Spellcasting
 + Level 4.2 Conjurations
 + Level 4.2 Hexes
 + Level 4.2 Summonings
 + Level 4.2 Necromancy
 + Level 4.2 Translocations
 + Level 4.2 Transmutations
 + Level 4.2 Fire Magic
 + Level 4.8 Ice Magic
 + Level 4.2 Air Magic
 + Level 4.2 Earth Magic
 + Level 4.2 Poison Magic
 + Level 5.6 Invocations
 + Level 5.1 Evocations


You had 8 spell levels left.
You knew the following spells:

 Your Spells              Type           Power      Damage    Failure   Level
a - Freeze                Ice            100%       1d11      3%          1
b - Mephitic Cloud        Conj/Pois/Air  24%        N/A       12%         3
c - Ignite Poison         Fire/Tmut/Pois 24%        N/A       12%         3
d - Ozocubu's Armour      Ice            26%        N/A       10%         3
e - Freezing Cloud        Conj/Ice/Air   12%        6-21      71%         5

Your spell library contained the following spells:

 Spells                   Type           Power      Damage    Failure   Level
 Fireball                 Conj/Fire      12%        3d7       73%         5
 Iskenderun's Battlesphe  Conj           24%        2d8       73%         5
 Conjure Ball Lightning   Conj/Air       12%        3x3d6     99%         6
 Orb of Destruction       Conj           12%        9d7       100%        7

Inventory:

Hand Weapons
 a - a +0 hunting sling of freezing {sling}
   (You took it off a goblin on level 3 of the Dungeon)
 b - a +2 dagger of venom (weapon) {short}
   (You took it off a goblin on level 3 of the Dungeon)
 u - a +0 vorpal hunting sling {sling}
Missiles
 c - 225 stones (quivered) {throwing}
 j - 6 javelins {throwing}
 q - 56 poisoned darts {throwing}
 r - 8 boomerangs {throwing}
 I - 2 throwing nets {=f!fthrowing}
Armour
 t - a +0 ring mail (worn)
 x - a +0 cloak (worn)
   (You found it on level 4 of the Dungeon)
 H - the +3 buckler of Gesm (worn) {Harm}
   (You found it on level 5 of the Dungeon)

   Harm:      It increases damage dealt and taken.
 M - +0 steam dragon scales
   (You found it on level 7 of the Dungeon)
Jewellery
 d - a +6 ring of intelligence (left hand)
   (You found it on level 1 of the Dungeon)
 h - an amulet of guardian spirit (around neck)
   (You found it on level 1 of the Dungeon)
 v - a ring of protection from cold
   (You found it on level 3 of the Dungeon)
 C - a +6 ring of dexterity (right hand)
   (You found it on level 5 of the Dungeon)
 L - a +6 ring of dexterity
   (You found it on level 7 of the Dungeon)
Wands
 G - a wand of digging (8)
   (You found it on level 5 of the Dungeon)
Scrolls
 e - 2 scrolls of summoning
 g - 2 scrolls of magic mapping {!r}
 i - 5 scrolls of teleportation {@r4}
 m - 4 scrolls of enchant armour
 n - 3 scrolls of fear
 w - a scroll of enchant weapon
 y - 2 scrolls of blinking {!r}
 z - a scroll of immolation {!r!r}
 B - 2 scrolls of amnesia
 F - 3 scrolls of noise {unknown}
 N - a scroll of vulnerability {unknown}
Potions
 f - 3 potions of haste {unknown}
 k - 2 potions of curing {@q1}
 l - 4 potions of heal wounds {@q2}
 o - 2 potions of brilliance
 p - 2 potions of might {unknown}
 s - 2 potions of berserk rage {unknown}
 A - 2 potions of resistance {unknown}
 D - a potion of attraction {unknown}
 E - a potion of invisibility {unknown}
 J - a potion of cancellation {unknown}
 K - 2 potions of flight {unknown}

Dungeon Overview and Level Annotations

Branches:
Dungeon (8/15)             Temple (1/1) D:6           Sewer (visited)
   Lair: D:8-11

Altars:
Ashenzari
Cheibriados
Dithmenos
Elyvilon
Fedhas
Gozag
Hepliaklqana
Makhleb
Nemelex Xobeh
Okawaru
Qazlal
Ru
Sif Muna
Trog
Uskayaw
Vehumet
Wu Jian
Yredelemnul
Zin
The Shining One

Shops:
D:1 ?   D:4 =   D:5 !

Annotations:
D:6 3 runed translucent doors, ICEMaiden's ghost, novice SpWz

.....()>. #..))#
#(((K#####
#.##.....# #...K.#
#..o..# #..o..#
##{†###
#########@########
#................#
#.#...###..#####.#
#.##.....)...#
#.#......#)..#
#.##.#.#.##..#
#.##.#.#.##))# ...
#....#.#.###[###...
######.#.# #).##..


You could see a friendly kobold brigand (summoned, poisoned), a friendly orc
wizard (summoned), a friendly orc (summoned) and a friendly kobold (summoned).


Message History

The shadow strikes at you from the darkness!
* * * LOW HITPOINT WARNING * * *
Reactivating autopickup.
You block the killer bee's attack.
The killer bee stings the killer bee!
The killer bee closely misses the killer bee. 😨 HP[-27]
You take 27 damage, and now have 31/81 hp.
MASSIVE DAMAGE!! (PAUSE) Unknown command.
You closely miss the killer bee. Your bite misses the killer bee.
The killer bee completely misses the killer bee.
You block the killer bee's attack.
The killer bee stings the killer bee.
The shadow hits you.
* * * LOW HITPOINT WARNING * * *
😨 HP[-5] MP[-1]
You take 5 damage, and now have 26/81 hp.
You lost 1 mp, and now have 0/20 mp.
As you read the scroll of summoning, it crumbles to dust.
Wisps of shadow whirl around you...
The sentinel's mark upon you fades away.
The killer bee barely misses you.
The killer bee completely misses the killer bee.
You block the killer bee's attack.
The killer bee stings your kobold brigand.
Your kobold brigand is poisoned.
The killer bee poisons your kobold brigand!
The shadow slips into darkness.
The shadow flickers and vanishes!
Deactivating autopickup; reactivate with Ctrl-A. 😨 HP[+1] Unknown command.
Unknown command.
The killer bee barely misses you.
The killer bee stings the killer bee.
The killer bee barely misses itself.
The shadow strikes at your kobold from the darkness!
Your kobold dies!
Your kobold's corpse dissolves into shadows!
Your orc hits something with a +0 dagger.
You swap places.
The killer bee barely misses your orc.
The killer bee stings the killer bee!
The killer bee is killed!
Qazlal accepts your kill. The killer bee stings your orc!
Your orc dies!
Your orc's corpse dissolves into shadows!
Your kobold brigand misses the killer bee.
The killer bee stings your orc!
Your orc dies!
Your orc's corpse dissolves into shadows!
The killer bee barely misses your orc.
The shadow strikes at your orc wizard from the darkness!
Reactivating autopickup.
The killer bee stings the killer bee.
The killer bee is killed!
Qazlal accepts your kill.
Your orc wizard casts a spell at the shadow.
The puff of flame hits the shadow.
Your orc hits the shadow with a +0 dagger.
Your kobold brigand hits the killer bee with a +0 short sword! 😨 MP[+1]
The shadow hits your orc wizard!
Your orc wizard dies!
Your orc wizard's corpse dissolves into shadows!
Your orc hits the shadow but does no damage. 😨 HP[+1]
What are your orders? t - Bark!
Orders for allies: a - Attack new target. r - Retreat! s - Stop attacking. g - Guard the area. f - Follow me.
Anything else - Cancel.
Gang up on whom?
Press: ? - help, Dir - move target, f - killer bee
Aim: a killer bee (moderately wounded, confused, ally target) Attack!
The shadow closely misses your orc.
Your orc wizard hits the killer bee with a +0 dagger.
Your orc hits the shadow but does no damage.
Casting: Mephitic Cloud (dangerous; 12% risk of failure)
Confirm with . or Enter, or press ? or * to list all spells.
You can't see any susceptible monsters within range! (Use Z to cast anyway.)
The killer bee barely misses your orc wizard.
The shadow slips into darkness.
The shadow flickers and vanishes!
Deactivating autopickup; reactivate with Ctrl-A.
The killer bee barely misses your orc wizard.
Your kobold brigand throws a poisoned dart.
The poisoned dart barely misses the killer bee.
The killer bee seems less confused.
Your orc wizard hits something with a +0 dagger.
Your kobold throws a stone.
The stone misses the killer bee.
Your kobold brigand throws a poisoned dart.
You hit the killer bee. You bite the killer bee.
The killer bee stings you but does no damage.
You block the killer bee's attack. 😨 HP[+1] MP[+1]
You hit the killer bee.
You kill the killer bee!
Qazlal accepts your kill.
The shadow strikes at you from the darkness!
You die...

Skill      XL: |  1  2  3  4  5  6  7  8  9 10 |
---------------+-------------------------------+-----
Ice Magic      | 2 3 4 |  4.8
Spellcasting   | 5 6 7 |  7.3
Invocations    | 1 2 3 4 5 |  5.6
Fighting       | 1 2 3 4 5 |  5.1
Short Blades   | 1 2 3 4 5 |  5.1
Long Blades    | 1 2 3 4 5 |  5.1
Axes           | 1 2 3 4 5 |  5.1
Maces & Flails | 1 2 3 4 5 |  5.1
Polearms       | 1 2 3 4 5 |  5.1
Staves         | 1 2 3 4 5 |  5.1
Bows           | 1 2 3 4 5 |  5.1
Crossbows      | 1 2 3 4 5 |  5.1
Dodging        | 1 2 3 4 5 |  5.1
Stealth        | 1 2 3 4 5 |  5.1
Shields        | 1 2 3 4 5 |  5.1
Unarmed Combat | 1 2 3 4 5 |  5.1
Evocations     | 1 2 3 4 5 |  5.1
Conjurations   | 1 2 3 4 |  4.2
Hexes          | 1 2 3 4 |  4.2
Summonings     | 1 2 3 4 |  4.2
Necromancy     | 1 2 3 4 |  4.2
Translocations | 1 2 3 4 |  4.2
Transmutations | 1 2 3 4 |  4.2
Fire Magic     | 1 2 3 4 |  4.2
Air Magic      | 1 2 3 4 |  4.2
Earth Magic    | 1 2 3 4 |  4.2
Poison Magic   | 1 2 3 4 |  4.2
Throwing       | 3 4 5 |  5.8
Slings         | 7 8 |  8.4
Armour         | 7 8 |  8.4

Action                   |  1- 3 |  4- 6 |  7- 9 | 10-12 || total
-------------------------+-------+-------+-------+-------++-------
Melee: Dagger            |       |     5 |   124 |    11 ||   140
       Bite              |       |       |    14 |     1 ||    15
       Punch             |       |       |     1 |       ||     1
 Fire: Hunting sling     |   138 |   140 |   385 |    34 ||   697
Throw: Stone             |       |       |       |    15 ||    15
 Cast: Mephitic Cloud    |       |       |    19 |    10 ||    29
       Ignite Poison     |       |       |    12 |     5 ||    17
       Ozocubu's Armour  |       |       |       |     1 ||     1
  Use: Potion            |     1 |       |     3 |       ||     4
       Scroll            |       |       |     9 |     1 ||    10
Armor: Ring mail         |    53 |    53 |   156 |    19 ||   281
Dodge: Dodged            |    57 |    70 |   204 |    21 ||   352
Block: Buckler           |       |       |    82 |    27 ||   109

Levels and vault maps discovered:
D:1:      mrwooster_arrival_statue_3, layout_rooms,
          chequers_ecumenical_altar_grove, serial_shops,
          nicolae_shop_advertising_works [nicolae_subvault_shop_adworks],
          minmay_misc_feat_five
D:2:      layout_basic
D:3:      layout_loops_ring, serial_bayou, serial_bayou_ford_a,
          serial_bayou_crossing, serial_bayou_pond_a, serial_bayou_shore_a,
          serial_bayou_pond_d, serial_bayou_lagoon_b, uniq_robin
D:4:      layout_loops_cross, lemuel_doored_altar, serial_shops,
          nicolae_diamond_shop, enter_ossuary_4, st_stairs_4, minmay_quantized
D:5:      layout_cave_pods, cheibrodos_sewer_entry_bend, serial_shops, shop,
          chequers_serial_rivers_micro_e, st_stairs_14, minivault_27,
          minmay_lizard_king, uniq_eustachio, uniq_blork_the_orc
D:6:      layout_loops_ring, minmay_temple_entry_mini_moons,
          gammafunk_ghost_split
D:7:      minmay_chambers_of_fours, layout_basic
D:8:      layout_basic, kennysheep_cluttered_room, minmay_increasing_density
Temple:   mainiacjoe_temple_trianglar_array

Notes
Turn   | Place    | Note
-------+----------+-------------------------------------------
     0 | D:1      | spaghetti the Gnoll Wanderer began the quest for the Orb.
     0 | D:1      | spaghetti set off with the following items: a +0 vorpal
                  | hunting sling {sling}, a +0 ring mail, a potion of mutation
                  | {!q}; and the following spell memorised: Freeze; and the
                  | following spells available to memorise: Ozocubu's Armour
     0 | D:1      | Reached XP level 1. HP: 13/13 MP: 6/6
     0 | D:1      | magus.rc [v1.9.6]
   138 | D:1      | Gained mutation: You are partially covered in iridescent
                  | scales. (AC +2) [potion of mutation]
   138 | D:1      | Gained mutation: You are robust. (+10% HP) [potion of
                  | mutation]
   138 | D:1      | Gained mutation: You have a pair of small antennae on your
                  | head. [potion of mutation]
   138 | D:1      | Gained mutation: You are mostly covered in iridescent
                  | scales. (AC +4) [potion of mutation]
   143 | D:1      | Reached skill level 2 in Ice Magic
   147 | D:1      | Reached XP level 2. HP: 10/20 MP: 7/7
   315 | D:1      | You fall into a shaft and drop 1 floor!
   616 | D:1      | Found a faded altar of an unknown god.
   648 | D:1      | Reached XP level 3. HP: 26/27 MP: 9/9
   663 | D:1      | You pick up a book of the Spheres and begin reading...
   663 | D:1      | You add the spells Iskenderun's Battlesphere, Fireball,
                  | Conjure Ball Lightning and Orb of Destruction to your
                  | library.
   742 | D:1      | Reached skill level 5 in Spellcasting
   997 | D:1      | Found Huapauh's Magic Scroll Boutique.
  1084 | D:2      | Reached skill level 1 in Invocations
  1378 | D:2      | Reached skill level 1 in Fighting
  1378 | D:2      | Reached skill level 1 in Short Blades
  1378 | D:2      | Reached skill level 1 in Long Blades
  1378 | D:2      | Reached skill level 1 in Axes
  1378 | D:2      | Reached skill level 1 in Maces & Flails
  1378 | D:2      | Reached skill level 1 in Polearms
  1378 | D:2      | Reached skill level 1 in Staves
  1378 | D:2      | Reached skill level 1 in Bows
  1378 | D:2      | Reached skill level 1 in Crossbows
  1378 | D:2      | Reached skill level 1 in Dodging
  1378 | D:2      | Reached skill level 1 in Stealth
  1378 | D:2      | Reached skill level 1 in Shields
  1378 | D:2      | Reached skill level 1 in Unarmed Combat
  1378 | D:2      | Reached skill level 1 in Evocations
  1454 | D:2      | Reached XP level 4. HP: 35/35 MP: 11/11
  1904 | D:3      | Reached skill level 1 in Conjurations
  1904 | D:3      | Reached skill level 1 in Hexes
  1904 | D:3      | Reached skill level 1 in Summonings
  1904 | D:3      | Reached skill level 1 in Necromancy
  1904 | D:3      | Reached skill level 1 in Translocations
  1904 | D:3      | Reached skill level 1 in Transmutations
  1904 | D:3      | Reached skill level 1 in Fire Magic
  1904 | D:3      | Reached skill level 1 in Air Magic
  1904 | D:3      | Reached skill level 1 in Earth Magic
  1904 | D:3      | Reached skill level 1 in Poison Magic
  2196 | D:3      | Noticed Robin
  2203 | D:3      | Killed Robin
  2204 | D:3      | Reached XP level 5. HP: 39/40 MP: 12/12
  2693 | D:3      | Noticed a black bear
  2708 | D:3      | Killed a black bear
  2709 | D:3      | Reached skill level 3 in Throwing
  2709 | D:3      | Reached skill level 2 in Invocations
  2709 | D:3      | Reached XP level 6. HP: 41/48 MP: 9/13
  2958 | D:4      | Found Ifymaunk's Jewellery Emporium.
  3130 | D:4      | Found a sparkling altar of Nemelex Xobeh.
  3142 | D:4      | Reached skill level 2 in Fighting
  3142 | D:4      | Reached skill level 2 in Short Blades
  3142 | D:4      | Reached skill level 2 in Long Blades
  3142 | D:4      | Reached skill level 2 in Axes
  3142 | D:4      | Reached skill level 2 in Maces & Flails
  3142 | D:4      | Reached skill level 2 in Polearms
  3142 | D:4      | Reached skill level 2 in Staves
  3142 | D:4      | Reached skill level 2 in Bows
  3142 | D:4      | Reached skill level 2 in Crossbows
  3142 | D:4      | Reached skill level 2 in Dodging
  3142 | D:4      | Reached skill level 2 in Stealth
  3142 | D:4      | Reached skill level 2 in Shields
  3142 | D:4      | Reached skill level 2 in Unarmed Combat
  3142 | D:4      | Reached skill level 2 in Evocations
  3210 | D:4      | Noticed a black bear
  3230 | D:4      | Killed a black bear
  3231 | D:4      | Reached XP level 7. HP: 33/55 MP: 12/15
  3560 | D:4      | Reached skill level 7 in Slings
  3560 | D:4      | Reached skill level 7 in Armour
  3628 | D:4      | Reached skill level 2 in Conjurations
  3628 | D:4      | Reached skill level 2 in Hexes
  3628 | D:4      | Reached skill level 2 in Summonings
  3628 | D:4      | Reached skill level 2 in Necromancy
  3628 | D:4      | Reached skill level 2 in Translocations
  3628 | D:4      | Reached skill level 2 in Transmutations
  3628 | D:4      | Reached skill level 2 in Fire Magic
  3628 | D:4      | Reached skill level 3 in Ice Magic
  3628 | D:4      | Reached skill level 2 in Air Magic
  3628 | D:4      | Reached skill level 2 in Earth Magic
  3628 | D:4      | Reached skill level 2 in Poison Magic
  3806 | D:5      | Entered Level 5 of the Dungeon
  3840 | D:5      | Noticed Eustachio
  3860 | D:4      | Reached skill level 3 in Invocations
  3892 | D:5      | Killed Eustachio
  3893 | D:5      | Reached XP level 8. HP: 45/62 MP: 11/16
  4014 | D:5      | Reached skill level 3 in Fighting
  4014 | D:5      | Reached skill level 3 in Short Blades
  4014 | D:5      | Reached skill level 3 in Long Blades
  4014 | D:5      | Reached skill level 3 in Axes
  4014 | D:5      | Reached skill level 3 in Maces & Flails
  4014 | D:5      | Reached skill level 3 in Polearms
  4014 | D:5      | Reached skill level 3 in Staves
  4014 | D:5      | Reached skill level 3 in Bows
  4014 | D:5      | Reached skill level 3 in Crossbows
  4014 | D:5      | Reached skill level 4 in Throwing
  4014 | D:5      | Reached skill level 3 in Dodging
  4014 | D:5      | Reached skill level 3 in Stealth
  4014 | D:5      | Reached skill level 3 in Shields
  4014 | D:5      | Reached skill level 3 in Unarmed Combat
  4014 | D:5      | Reached skill level 3 in Evocations
  4340 | D:5      | Reached skill level 6 in Spellcasting
  4356 | D:5      | Noticed Blork the orc
  4365 | D:5      | Killed Blork the orc
  4508 | D:5      | Found a glowing drain.
  4517 | Sewer    | Entered a sewer
  4907 | D:5      | Identified the +3 buckler of Gesm {Harm}
  4916 | D:5      | You add the spells Ignite Poison, Mephitic Cloud and
                  | Freezing Cloud to your library.
  4926 | D:5      | Learned a level 3 spell: Mephitic Cloud
  4930 | D:5      | Learned a level 3 spell: Ignite Poison
  4934 | D:5      | Learned a level 3 spell: Ozocubu's Armour
  5271 | D:5      | Found Wuoragh's Distillery.
  5473 | D:5      | Reached skill level 4 in Invocations
  5585 | D:5      | Reached skill level 3 in Conjurations
  5585 | D:5      | Reached skill level 3 in Hexes
  5585 | D:5      | Reached skill level 3 in Summonings
  5585 | D:5      | Reached skill level 3 in Necromancy
  5585 | D:5      | Reached skill level 3 in Translocations
  5585 | D:5      | Reached skill level 3 in Transmutations
  5585 | D:5      | Reached skill level 3 in Fire Magic
  5585 | D:5      | Reached skill level 3 in Air Magic
  5585 | D:5      | Reached skill level 3 in Earth Magic
  5585 | D:5      | Reached skill level 3 in Poison Magic
  5733 | D:6      | Reached XP level 9. HP: 68/71 MP: 16/18
  6002 | D:6      | Reached skill level 4 in Fighting
  6002 | D:6      | Reached skill level 4 in Short Blades
  6002 | D:6      | Reached skill level 4 in Long Blades
  6002 | D:6      | Reached skill level 4 in Axes
  6002 | D:6      | Reached skill level 4 in Maces & Flails
  6002 | D:6      | Reached skill level 4 in Polearms
  6002 | D:6      | Reached skill level 4 in Staves
  6002 | D:6      | Reached skill level 4 in Bows
  6002 | D:6      | Reached skill level 4 in Crossbows
  6002 | D:6      | Reached skill level 4 in Dodging
  6002 | D:6      | Reached skill level 4 in Stealth
  6002 | D:6      | Reached skill level 4 in Shields
  6002 | D:6      | Reached skill level 4 in Unarmed Combat
  6002 | D:6      | Reached skill level 4 in Ice Magic
  6002 | D:6      | Reached skill level 4 in Evocations
  6164 | D:6      | Noticed ICEMaiden's ghost (novice SpWz)
  6169 | D:6      | Found a runed translucent gate.
  6169 | D:6      | Found a runed translucent gate.
  6193 | D:6      | Found a staircase to the Ecumenical Temple.
  6284 | D:6      | Noticed a manticore
  6286 | D:6      | Found a runed translucent gate.
  6662 | Temple   | Entered the Ecumenical Temple
  6990 | Temple   | Became a worshipper of Qazlal Stormbringer
  7047 | D:6      | Learned a level 5 spell: Freezing Cloud
  7086 | D:7      | Reached skill level 5 in Throwing
  7617 | D:7      | Reached skill level 8 in Slings
  7617 | D:7      | Reached skill level 8 in Armour
  7728 | D:7      | Reached skill level 5 in Invocations
  8053 | D:7      | Reached skill level 7 in Spellcasting
  8263 | D:7      | Reached * piety under Qazlal
  8264 | D:7      | Reached skill level 4 in Conjurations
  8264 | D:7      | Reached skill level 4 in Hexes
  8264 | D:7      | Reached skill level 4 in Summonings
  8264 | D:7      | Reached skill level 4 in Necromancy
  8264 | D:7      | Reached skill level 4 in Translocations
  8264 | D:7      | Reached skill level 4 in Transmutations
  8264 | D:7      | Reached skill level 4 in Fire Magic
  8264 | D:7      | Reached skill level 4 in Air Magic
  8264 | D:7      | Reached skill level 4 in Earth Magic
  8264 | D:7      | Reached skill level 4 in Poison Magic
  8264 | D:7      | Reached XP level 10. HP: 68/80 MP: 7/20
  8899 | D:8      | Reached skill level 5 in Fighting
  8899 | D:8      | Reached skill level 5 in Short Blades
  8899 | D:8      | Reached skill level 5 in Long Blades
  8899 | D:8      | Reached skill level 5 in Axes
  8899 | D:8      | Reached skill level 5 in Maces & Flails
  8899 | D:8      | Reached skill level 5 in Polearms
  8899 | D:8      | Reached skill level 5 in Staves
  8899 | D:8      | Reached skill level 5 in Bows
  8899 | D:8      | Reached skill level 5 in Crossbows
  8899 | D:8      | Reached skill level 5 in Dodging
  8899 | D:8      | Reached skill level 5 in Stealth
  8899 | D:8      | Reached skill level 5 in Shields
  8899 | D:8      | Reached skill level 5 in Unarmed Combat
  8899 | D:8      | Reached skill level 5 in Evocations
  9116 | D:8      | Mangled by a shadow

Vanquished Creatures
  A wyvern (D:8)
  A yak (D:7)
  Eustachio (D:5)
  2 steam dragons
  2 water moccasins
  An orc warrior (D:8)
  2 ice beasts
  5 black bears
  2 ogres
  4 phantoms
  3 centaurs
  A bullfrog (D:8)
  4 kobold brigands
  Blork the orc (D:5)
  A gnoll sergeant (D:7)
  A necrophage (D:6)
  4 scorpions
  3 killer bees (D:8)
  2 howler monkeys (D:8)
  6 hounds
  2 jellies
  5 orc priests
  7 iguanas
  4 orc wizards
  A hell rat (Sewer)
  Robin (D:3)
  8 gnolls
  8 adders
  A river rat (Sewer)
  2 shadow imps
  2 white imps
  3 ufetubi
  2 worms
  3 dart slugs
  15 orcs
  5 bats
  6 endoplasms
  2 giant cockroaches
  12 goblins
  9 hobgoblins
  9 jackals
  28 kobolds
  8 quokkas
  4 ball pythons
  10 frilled lizards
  A quokka zombie (D:4)
  8 rats
  A rat zombie (D:4)
214 creatures vanquished.

Vanquished Creatures (others)
  30 plants
30 creatures vanquished.

Grand Total: 244 creatures vanquished

Table legend:
 A = Non-vault XP
 B = Vault XP
 C = Vault XP percentage of total XP
 D = Non-vault monster count
 E = Vault monster count
 F = Vault count percentage of total count
                 A         B        C        D         E       F
            +---------+---------+-------+---------+---------+-------
      Total |    4731 |    1440 |  23.3 |     169 |      45 |  21.0
            +---------+---------+-------+---------+---------+-------
        D:1 |      44 |       0 |   0.0 |      26 |       0 |   0.0
        D:2 |      40 |       0 |   0.0 |      13 |       0 |   0.0
        D:3 |     233 |      28 |  10.7 |      18 |       8 |  30.8
        D:4 |     389 |     236 |  37.8 |      15 |      10 |  40.0
        D:5 |     768 |     456 |  37.3 |      21 |      15 |  41.7
        D:6 |     833 |       0 |   0.0 |      27 |       0 |   0.0
        D:7 |    1059 |     617 |  36.8 |      26 |       6 |  18.8
        D:8 |    1365 |      54 |   3.8 |      23 |       1 |   4.2
      Sewer |       0 |      49 | 100.0 |       0 |       5 | 100.0
            +---------+---------+-------+---------+---------+-------

Illustrated notes

Table legend:
 A = Kills in this place as a percentage of kills in entire the game.
 B = Kills by you in this place as a percentage of kills by you in the entire game.
 C = Kills by friends in this place as a percentage of kills by friends in the entire game.
 D = Other kills in this place as a percentage of other kills in the entire game.
 E = Experience gained in this place as a percentage of experience gained in the entire game.
 F = Experience gained in this place divided by the number of levels of this place that you have seen.
                   A       B       C       D       E      F
               +-------+-------+-------+-------+-------+----------------------
         Total | 100.0 | 100.0 |   N/A | 100.0 | 100.0 | 617.1
       Dungeon |  97.7 |  97.6 |   N/A | 100.0 |  99.2 | 765.2
         Sewer |   2.3 |   2.4 |   N/A |   0.0 |   0.8 |  49.0
               +-------+-------+-------+-------+-------+----------------------

Table legend: (Time is in decaauts)
 A = Elapsed time spent in this place.
 B = Non-inter-level travel time spent in this place.
 C = Inter-level travel time spent in this place.
 D = Time resting spent in this place.
 E = Time spent auto-exploring this place.
 F = Levels seen in this place.
 G = Mean time per level.
                   A        B        C        D        E       F      G
               +--------+--------+--------+--------+--------+-----+--------+
         Total |   9346 |   8856 |    490 |    766 |   6442 |  10 |  934.6 |
       Dungeon |   8781 |   8341 |    440 |    766 |   5974 |   8 | 1097.6 |
        Temple |    355 |    306 |     49 |      0 |    303 |   1 |  355.0 |
         Sewer |    209 |    209 |      0 |      0 |    165 |   1 |  209.0 |
               +--------+--------+--------+--------+--------+-----+--------+

Top non-repeatable levels by time:
     D:5: 1703 daAuts
     D:7: 1547 daAuts
     D:3: 1162 daAuts
     D:6: 1027 daAuts
     D:1: 1015 daAuts
     D:4: 912 daAuts
     D:2: 890 daAuts
     D:8: 524 daAuts
  Temple: 355 daAuts
   Sewer: 209 daAuts
